 Dungeon Crawl Stone Soup version 0.26.0-10-g1f06aea511 (webtiles) character file.

Game seed: 18373415582622523091

345 Arum the Shield-Bearer (level 6, -2/50 HPs)
             Began as a Formicid Fighter on Jan 22, 2021.
             Was a Follower of the Shining One.
             Slain by Crazy Yiuf
             ... wielding a +4 quarterstaff of chaos
              (3 damage)
             ... while petrified by Crazy Yiuf
             ... on level 3 of the Dungeon.
             The game lasted 00:02:31 (3602 turns).

Arum the Shield-Bearer (Formicid Fighter)           Turns: 3602, Time: 00:02:32

Health: -2/50      AC:  7    Str: 22    XL:     6   Next: 90%
Magic:  6/6        EV:  2    Int:  8    God:    the Shining One [*.....]
Gold:   116        SH:  0    Dex: 10    Spells: 5/5 levels left

rFire    + . .     SeeInvis +   a - +0 quarterstaff
rCold    . . .     Faith    +   c - +0 kite shield
rNeg     + + +     Spirit   .   b - +0 scale mail
rPois    ∞         Reflect  .   (helmet unavailable)
rElec    .         Harm     .   (no cloak)
rCorr    +         Rampage  .   (no gloves)
Will     .....                  (no boots)
Stlth    ..........             j - amulet of faith
HPRegen  0.16/turn              k - ring of resist corrosion
MPRegen  0.10/turn              n - ring of protection from fire

@: confused, lethally poisoned (-2 -> -2), petrified, slightly contaminated,
glowing, invisible (but backlit and visible) (expiring)
A: permanent stasis, dig shafts and tunnels, four strong arms, antennae 3
a: Dig, Shaft Self, Renounce Religion


You were on level 3 of the Dungeon.
You worshipped the Shining One.
The Shining One was aware of your devotion.
You visited 1 branch of the dungeon, and saw 4 of its levels.

You collected 116 gold pieces.

Inventory:

Hand Weapons
 a - a +0 quarterstaff (weapon)
Armour
 b - a +0 scale mail (worn)
 c - a +0 kite shield (worn)
Jewellery
 i - an uncursed ring of ice
 j - an amulet of faith (around neck)
 k - a ring of resist corrosion (left hand)
 n - a ring of protection from fire (right hand)
Wands
 v - a wand of iceblast (9)
Scrolls
 e - a scroll of immolation {unknown}
 f - 5 scrolls of identify {unknown}
 l - a scroll of random uselessness {unknown}
 m - a scroll of noise {unknown}
 p - a scroll of blinking {unknown}
 q - a scroll of magic mapping {unknown}
 r - a scroll of fear {unknown}
 s - 2 scrolls of enchant weapon {unknown}
 t - a scroll of fog {unknown}
Potions
 d - 3 potions of might
 g - 2 potions of heal wounds {unknown}
 h - a potion of brilliance {unknown}
 o - a potion of flight {unknown}
 u - a potion of curing {unknown}


   Skills:
 + Level 4.8 Fighting
 + Level 3.8 Staves
 + Level 4.8 Armour
 + Level 5.2 Shields


You had 5 spell levels left.
You didn't know any spells.
Your spell library contained the following spells:

 Spells                   Type           Power        Failure   Level
 Magic Dart               Conj           0%           94%         1
 Call Imp                 Summ           0%           98%         2
 Slow                     Hex            0%           98%         2
 Conjure Flame            Conj/Fire      0%           100%        3
 Mephitic Cloud           Conj/Pois/Air  0%           100%        3
 Blink                    Tloc           Unusable     N/A         2

Dungeon Overview and Level Annotations

Branches:
Dungeon (4/15)             Temple (0/1) D:4

Altars:
Dithmenos
Elyvilon
Nemelex Xobeh
Sif Muna
The Shining One

Annotations:
D:3 Crazy Yiuf


Innate Abilities, Weirdness & Mutations

You cannot be hasted, slowed, berserked, paralysed or teleported.
You can dig through walls and to a lower floor.
Your four strong arms can wield two-handed weapons with a shield.
You have a pair of large antennae on your head. (SInv)


Message History

Crazy Yiuf hits you with a +4 quarterstaff of chaos.
* * * LOW HITPOINT WARNING * * *
Crazy Yiuf freezes you.
Crazy Yiuf hits you with a +4 quarterstaff of chaos!
* * * LOW HITPOINT WARNING * * *
You flicker for a moment.
Crazy Yiuf hits you but does no damage.
Your stasis prevents you from being paralysed.
Crazy Yiuf hits you with a +4 quarterstaff of chaos!
* * * LOW HITPOINT WARNING * * *
Crazy Yiuf hits you with a +4 quarterstaff of chaos.
* * * LOW HITPOINT WARNING * * *
You are confused.
Crazy Yiuf says, "I'm not crazy!"
Crazy Yiuf hits you with a +4 quarterstaff of chaos!
* * * LOW HITPOINT WARNING * * *
You become more transparent, but the glow from your halo prevents you from becoming completely invisible.
You are lightly contaminated with residual magic.
Crazy Yiuf hits you with a +4 quarterstaff of chaos.
You die...

#.....##########
#.......
#.####....[....#
#####... #.#
#.#######.# #...
#.# ### ### #...
#.# #### #.# #.#
### ♣♣#### #.#
#)..#♣♣ ♣♣....##
#.#
#...g@♣♣♣♣.P....#
#.#
#...#♣..♣.......#
#.# ###
♣♣♣.♣......# #.#
♣♣♣♣♣##.##### #.#
#.....# #.# ###
#####.# #.# #.#
#.# #.####.#
#.### #......#
#....


You could see Crazy Yiuf.

Vanquished Creatures
  A phantom (D:4)
  An orc priest (D:3)
  Jessica (D:3)
  2 orc wizards (D:4)
  Ijyb (D:3)
  2 worker ants (D:4)
  2 adders
  2 worms (D:3)
  A dart slug (D:4)
  12 orcs
  3 giant cockroaches
  2 goblins (D:1)
  3 hobgoblins
  3 jackals (D:1)
  3 kobolds
  2 quokkas (D:4)
  6 bats
  3 frilled lizards
  2 rats
52 creatures vanquished.

Vanquished Creatures (others)
  An orc wizard (D:4)
1 creature vanquished.

Grand Total: 53 creatures vanquished

Notes
Turn   | Place    | Note
-------+----------+-------------------------------------------
     0 | D:1      | Arum the Formicid Fighter began the quest for the Orb.
     0 | D:1      | Reached XP level 1. HP: 18/18 MP: 1/1
    78 | D:1      | Reached XP level 2. HP: 24/24 MP: 2/2
   483 | D:1      | Reached XP level 3. HP: 29/29 MP: 3/3
   672 | D:2      | Found a shimmering blue altar of Sif Muna.
   673 | D:2      | Found a glowing golden altar of the Shining One.
   673 | D:2      | Found a sparkling altar of Nemelex Xobeh.
   680 | D:2      | Became a worshipper of the Shining One
   797 | D:2      | You fall into a shaft and drop 2 floors!
   802 | D:4      | Reached skill level 4 in Shields
   914 | D:4      | Reached XP level 4. HP: 22/37 MP: 4/4
  1523 | D:4      | Noticed a phantom
  1542 | D:4      | Reached XP level 5. HP: 28/42 MP: 5/5
  1584 | D:4      | Killed a phantom
  1585 | D:4      | Reached XP level 6. HP: 14/49 MP: 6/6
  1859 | D:4      | Found a staircase to the Ecumenical Temple.
  2345 | D:3      | Reached skill level 5 in Shields
  2359 | D:3      | Found a shadowy altar of Dithmenos.
  2451 | D:3      | Noticed Jessica
  2462 | D:3      | Killed Jessica
  2542 | D:3      | Noticed Ijyb
  2550 | D:3      | Killed Ijyb
  2569 | D:3      | Found a white marble altar of Elyvilon.
  2796 | D:3      | Reached * piety under the Shining One
  3582 | D:3      | Found a runed translucent door.
  3583 | D:3      | Noticed Crazy Yiuf
  3601 | D:3      | HP: 1/50 [Crazy Yiuf/+4 quarterstaff of chaos (5)]
  3602 | D:3      | Slain by Crazy Yiuf

Illustrated notes

Levels and vault maps discovered:
D:1:      psy_arrival_basics, layout_loops_ring, minmay_misc_feat_square,
          kennysheep_crisscross, minivault_19
D:2:      layout_loops_cross, chequers_temple_overflow_statue_of_worship
D:3:      layout_basic, grunt_dithmenos_smoke_and_mirrors, elyvilon_altar_1,
          uniq_ijyb, uniq_jessica, uniq_crazy_yiuf_cottage
D:4:      layout_loops_corners, minmay_temple_entry_statues_pillars

Skill      XL: |  1  2  3  4  5  6 |
---------------+-------------------+-----
Shields        | 4 5 |  5.2
Fighting       | 4 |  4.8
Armour         | 4 |  4.8
Staves         | 3 |  3.8

Action                   |  1- 3 |  4- 6 || total
-------------------------+-------+-------++-------
Melee: Quarterstaff      |    85 |   145 ||   230
 Abil: Dig               |     1 |     1 ||     2
Armor: Scale mail        |    42 |    38 ||    80
Dodge: Dodged            |    24 |    29 ||    53
Block: Kite shield       |    55 |    59 ||   114
